 Dungeon Crawl Stone Soup version bcrawl-1.32 (webtiles) character file.

Game seed: 18397046145365957272

119374 Goratra1 the Skirmisher (level 4, -17/40 HPs)
             Began as a Draconian Wanderer on June 14, 2021.
             Demolished by an ogre
             ... wielding a +0 giant club
              (27 damage)
             ... on level 3 of the Dungeon.
             The game lasted 00:06:42 (2290 turns).

Goratra1 the Skirmisher (Draconian Wanderer)        Turns: 2290, Time: 00:06:43

Health: -17/40     AC:  5    Str: 14    XL:     4   Next: 40%
Magic:  6/6        EV: 11    Int: 16    God:
Gold:   206        SH:  0    Dex:  8    Spells: 5/5 levels left

rFire    . . .     SeeInvis .   a - +3 short sword
rCold    . . .     Gourm    .   (no shield)
rNeg     + . .     Faith    .   (armour unavailable)
rPois    .         Spirit   .   (helmet restricted)
rElec    .         Reflect  .   (no cloak)
rCorr    .         Harm     .   (no gloves)
MR       .....                  (no boots)
Stlth    +.........             (no amulet)
HPRegen  0.13/turn              n - ring of positive energy
MPRegen  0.10/turn              (no ring)

@: no status effects
A: unfitting armour, cold-blooded, AC +5
a: no special abilities


You were on level 3 of the Dungeon.
You were hungry.

You visited 1 branch of the dungeon, and saw 3 of its levels.

You collected 206 gold pieces.

Inventory:

Hand Weapons
 a - a +3 short sword (weapon)
 c - a +0 falchion
Armour
 l - a +1 chain mail
Jewellery
 n - a ring of positive energy (left hand)
Wands
 m - a wand of acid (6)
Scrolls
 b - a scroll of teleportation
 g - 2 scrolls of blinking
Potions
 i - a potion of mutation {unknown}
Comestibles
 e - 4 rations {!d}
 j - 2 chunks of flesh


   Skills:
 + Level 4.1 Fighting
 + Level 2.1(3.2) Short Blades
 + Level 3.8(4.1) Long Blades
 - Level 1.0 Throwing
 - Level 1.0 Dodging
 * Level 1.3 Spellcasting
 + Level 1.0 Evocations


You had 5 spell levels left.
You didn't know any spells.
Your spell library was empty.

Dungeon Overview and Level Annotations

Branches:
Dungeon (3/12)

Altars:
Ashenzari
Makhleb


Innate Abilities, Weirdness & Mutations

Your plain brown scales are hard. (AC +5)
You cannot fit into any form of body armour.
You are cold-blooded and may be slowed by cold attacks.


Message History

The ogre shouts!
You are feeling hungry.
You puncture the ogre!
Your tail-slap misses the ogre.
The ogre is moderately wounded.
The ogre hits you with a +0 giant club!!
Ouch! That really hurt!
You hit the ogre.
The ogre is heavily wounded.
The ogre hits you with a +0 giant club.
* * * LOW HITPOINT WARNING * * *
You hit the ogre.
The ogre is heavily wounded.
You closely miss the ogre.
The ogre is heavily wounded.
The ogre barely misses you.
You hit the ogre.
The ogre is severely wounded.
The ogre hits you with a +0 giant club!!
Ouch! That really hurt!
You die...

.#.. ..# .... ..#
#... #.# #...# #.#
.###...###.###
.............# .
............# .
?......O@...#
#.###...###...# ##.
#...# #...#
#..###...###...#
..##............[.#
........##........#
#.#####.##........#
#.....###.#######
#.##### #.#


You could see an ogre.

Vanquished Creatures
  A hound (D:2)
  An adder (D:2)
  3 worms
  2 dart slugs (D:1)
  A leopard gecko (D:2)
  5 bats
  3 giant cockroaches
  7 goblins
  4 hobgoblins
  3 jackals (D:1)
  5 kobolds
  2 quokkas (D:2)
  3 rats
40 creatures vanquished.

Notes
Turn   | Place    | Note
-------+----------+-------------------------------------------
     0 | D:1      | Goratra1 the Draconian Wanderer began the quest for the
                  | Orb.
     0 | D:1      | Goratra1 set off with the following items: a +2 short
                  | sword, a potion of berserk rage, a +0 falchion, a ration
                  | {!d}
     0 | D:1      | Reached XP level 1. HP: 19/19 MP: 1/1
    52 | D:1      | Reached XP level 2. HP: 11/26 MP: 2/2
   629 | D:1      | Reached XP level 3. HP: 26/33 MP: 2/4
  1571 | D:2      | Reached skill level 1 in Spellcasting
  1623 | D:2      | Reached skill level 4 in Fighting
  1743 | D:2      | Reached XP level 4. HP: 24/40 MP: 5/5
  1795 | D:2      | Found a burning altar of Makhleb.
  2042 | D:2      | Found a shattered altar of Ashenzari.
  2280 | D:3      | Noticed an ogre
  2290 | D:3      | Demolished by an ogre

Skill      XL: |  1  2  3 |
---------------+----------+-----
Spellcasting   | 1 |  1.3
Fighting       | 4 |  4.1
Short Blades   | 2 |  2.1
Long Blades    | |  3.8
Throwing       | |  1.0
Dodging        | |  1.0
Evocations     | |  1.0

Action                   |  1- 3 |  4- 6 || total
-------------------------+-------+-------++-------
Melee: Short sword       |   118 |    21 ||   139
       Tailslap          |    12 |     1 ||    13
  Use: Potion            |     1 |       ||     1
       Scroll            |       |     6 ||     6
  Eat: Chunk             |     5 |     2 ||     7
Armor: Skin              |    46 |     2 ||    48
Dodge: Dodged            |    73 |     8 ||    81
